 Dungeon Crawl Stone Soup version 0.25-a0-781-gc44aebf4fe (webtiles) character file.

Game seed: 12450249847406960133, levelgen mode: deterministic

81917 Maedhros the Unseen (level 15, -21/92 HPs)
             Began as an Octopode Artificer on Apr 15, 2020.
             Was a High Priest of Cheibriados.
             Demolished by a tengu reaver
             ... wielding a +0 battleaxe
              (38 damage)
             ... while paralysed by a lich
             ... on level 1 of the Depths on Apr 16, 2020.
             The game lasted 01:46:11 (16286 turns).

Maedhros the Unseen (Octopode Artificer)           Turns: 16286, Time: 01:46:11

Health: -21/92     AC:  3    Str: 27    XL:     15   Next: 72%
Magic:  0/21       EV:  2    Int: 30    God:    Cheibriados [*****.]
Gold:   806        SH:  0    Dex: 44    Spells: 3/14 levels left

rFire    + + .     SeeInvis .     - Unarmed
rCold    . . .     Gourm    .   q - +5 kite shield {rPois}
rNeg     . . .     Faith    .   U - +0 hat "Quluaffy" {rElec rF+}
rPois    +         Spirit   +   K - amulet of guardian spirit
rElec    +         Reflect  .   d - +2 ring of dexterity
rCorr    +         Harm     .   E - ring of resist corrosion
MR       +....                  F - ring of protection from fire
Stlth    +++++++++.             H - +2 ring of evasion
HPRegen  0.25/turn              J - ring of poison resistance
MPRegen  0.17/turn              z - +4 ring of dexterity
                                O - +4 ring of intelligence
                                R - ring "Vulom" {Dex+8 Slay+5}

@: paralysed, lightly drained, very slow
A: almost no armour, stealthy swim, amphibious, 8 rings, constrict 8, iridescent
scales 1, camouflage 1, mutation resistance 1, gelatinous body 1
a: Bend Time, Temporal Distortion, Slouch, Step From Time, Renounce Religion


You were on level 1 of the Depths.
You worshipped Cheibriados.
Cheibriados was extremely pleased with you.
You were hungry.

You visited 6 branches of the dungeon, and saw 26 of its levels.
You visited 1 bazaar.
You also visited: Bailey.

You collected 2403 gold pieces.
You spent 1597 gold pieces at shops.

Inventory:

Hand Weapons
 h - a +2 dagger of venom
Missiles
 i - 4 javelins
 p - 8 curare-tipped darts
 s - 14 boomerangs (quivered)
Armour
 q - a +5 kite shield of poison resistance (worn)
 C - a +0 tower shield
 U - the +0 hat "Quluaffy" (worn) {rElec rF+}
   (You found it on level 1 of the Lair of Beasts)

   It protects you from fire.
   It insulates you from electricity.
Magical Staves
 G - an uncursed staff of death
 L - an uncursed staff of air
Jewellery
 d - a +2 ring of dexterity (left tentacle)
 r - an uncursed amulet of the gourmand
 z - a +4 ring of dexterity (on tentacle)
 D - an uncursed ring of ice
 E - a ring of resist corrosion (right tentacle)
 F - a ring of protection from fire (on tentacle)
 H - a +2 ring of evasion (on tentacle)
 J - a ring of poison resistance (on tentacle)
 K - an amulet of guardian spirit (around mantle)
 O - a +4 ring of intelligence (on tentacle)
 R - the ring "Vulom" (on tentacle) {Dex+8 Slay+5}
   (You bought it in a shop in a bazaar)

   [ring of slaying]

   It affects your dexterity (+8).
   It affects your accuracy and damage with ranged weapons and melee attacks
   (+5).
 W - an uncursed ring of ice
Wands
 c - a wand of enslavement (1)
 w - a wand of polymorph (16)
 y - a wand of iceblast (7)
 B - a wand of digging (11)
 M - a wand of scattershot (7)
 V - a wand of flame (13)
Scrolls
 a - 5 scrolls of amnesia
 b - 2 scrolls of blinking
 g - 3 scrolls of magic mapping
 j - 9 scrolls of remove curse
 k - a scroll of enchant armour
 l - 5 scrolls of fog
 t - 6 scrolls of immolation
 v - 8 scrolls of teleportation
 A - 3 scrolls of enchant weapon
 Q - 2 scrolls of fear
 S - a scroll of identify
Potions
 e - 2 potions of ambrosia
 m - 3 potions of invisibility
 n - 2 potions of lignification
 o - 3 potions of flight
 u - 2 potions of magic
 x - 3 potions of might
 I - a potion of resistance
 N - a potion of heal wounds
 P - 2 potions of curing
Miscellaneous
 X - a box of beasts
Comestibles
 f - 25 rations
 T - a chunk of flesh


   Skills:
 - Level 5.1(4.9) Fighting
 - Level 1.0(0.7) Short Blades
 * Level 10.8(10.5) Dodging
 - Level 19.4(19.0) Stealth
 * Level 14.1(13.8) Shields
 - Level 10.0(9.7) Unarmed Combat
 - Level 3.7(3.4) Conjurations
 - Level 3.6(3.4) Air Magic
 * Level 8.5(8.3) Earth Magic
 - Level 4.4(4.1) Poison Magic
 - Level 6.0(5.8) Invocations
 - Level 8.2(7.9) Evocations


You had 3 spell levels left.
You knew the following spells:

 Your Spells              Type           Power        Failure   Level  Hunger
a - Mephitic Cloud        Conj/Pois/Air  ###.....     8%          3    ####...
b - Blink                 Tloc           N/A          17%         2    ###....
c - Iron Shot             Conj/Erth      #####.....   83%         6    #######

Your spell library contained the following spells:

 Spells                   Type           Power        Failure   Level  Hunger
 Magic Dart               Conj           ###.         2%          1    ##.....
 Static Discharge         Conj/Air       ###.....     9%          3    ####...
 Corona                   Hex            #......      11%         1    ##.....
 Summon Butterflies       Summ           #.......     11%         1    ##.....
 Call Imp                 Summ           #.......     17%         2    ###....
 Ensorcelled Hibernation  Hex/Ice        #.....       17%         2    ###....
 Slow                     Hex            #.......     17%         2    ###....
 Conjure Flame            Conj/Fire      ##......     17%         3    ####...
 Dazzling Flash           Conj/Hex       ##....       17%         3    ####...
 Call Canine Familiar     Summ           #.......     32%         3    ####...
 Confusing Touch          Hex            #.......     32%         3    ####...
 Gell's Gravitas          Tloc           #.........   32%         3    ####...
 Tukima's Dance           Hex            #.......     32%         3    ####...
 Petrify                  Tmut/Erth      ###.....     21%         4    #####..
 Bolt of Magma            Conj/Fire/Erth ###.......   52%         5    ######.
 Lightning Bolt           Conj/Air       ###.......   58%         5    ######.
 Summon Ice Beast         Ice/Summ       #.......     73%         4    #####..
 Iskenderun's Battlesphe  Conj/Chrm      ##......     83%         5    ######.
 Metabolic Englaciation   Hex/Ice        #.........   97%         5    ######.
 Summon Mana Viper        Hex/Summ       #.......     97%         5    ######.
 Yara's Violent Unravell  Hex/Tmut       #.........   97%         5    ######.
 Orb of Destruction       Conj           ###.......   100%        7    #######
 Spellforged Servitor     Conj/Summ      ##........   100%        7    #######
 Summon Hydra             Summ           #.........   100%        7    #######
 Ignition                 Fire           #.........   100%        8    #######
 Shatter                  Erth           #####.....   100%        9    #######
 Tornado                  Air            ###.......   100%        9    #######


Dungeon Overview and Level Annotations

Branches:
Dungeon (15/15)            Temple (1/1) D:6            Lair (6/6) D:9
 Shoals (0/4) Lair:4       Spider (0/4) Lair:3          Orc (2/2) D:12
    Elf (1/3) Orc:2        Depths (1/5) D:15         Bailey (visited)
  Slime: Lair:5-6    Vaults: D:13-14

Altars:
Ashenzari
Cheibriados
Dithmenos
Elyvilon
Fedhas
Gozag
Hepliaklqana
Kikubaaqudgha
Makhleb
Nemelex Xobeh
Okawaru
Qazlal
Ru
Sif Muna
Trog
Uskayaw
Vehumet
Wu Jian
Xom
Yredelemnul
Zin
The Shining One
Beogh

Shops:
D:6 (   D:7 %(%?   Orc:2 *[:}

Annotations:
D:4 2 runed translucent doors, exclusion: slave, Pikel; Zajic's ghost, novice MiBe
D:8 Gastronok
D:15 1 runed translucent door, Tizejink's ghost, journeyman MiFi
Lair:5 Rupert
Orc:1 torrenera's ghost, journeyman DEFE


Innate Abilities, Weirdness & Mutations

You cannot wear most types of armour.
You are very stealthy in the water. (Stealth+)
You are amphibious.
You can wear up to eight rings at the same time.
You can use your tentacles to constrict eight enemies at once.
Your skin changes colour to match your surroundings (Stealth+).
Your rubbery body absorbs attacks. (AC +1, EV +1)
You are partially covered in iridescent scales. (AC +2)
You are somewhat resistant to further mutation.


Message History

Unknown command.
Unknown command.
You can feel time thicken for a moment.
Cheibriados appreciates the change of pace.
Reactivating autopickup.
You feel a bit more experienced.
You feel somewhat more hungry.
Cheibriados lowers the support of your attributes as your movement quickens.
You block the tengu reaver's attack. x2; The tengu reaver claws you!
The lich points at you and mumbles some strange words.
You suddenly lose the ability to move!
The spark wasp buzzes angrily.
The tengu reaver hits you with a +0 battleaxe!!
The tengu reaver pecks you! The tengu reaver claws you. The lich touches you!
* * * LOW HITPOINT WARNING * * *
You hear a deafening roar!
The lich touches you.
* * * LOW HITPOINT WARNING * * *
You feel drained.
The tengu reaver hits you with a +0 battleaxe!!!
You die...

##................##
##....
##.................#
#....
##..................#
....
#..................(.#
.......................
........................
........................
............Q..###......
...###...###@.## ...
#...# #Ly# .. #...# #..#
...........
.............
.........[....
.....W......
.............
..#..#........


You could see a tengu reaver, a lich, a spark wasp and a phantasmal warrior.

Vanquished Creatures
  Kirke (D:15)
  A stone giant (Depths:1)
  A deep elf demonologist (Elf:1)
  2 spark wasps (Depths:1)
  A great orb of eyes (D:12)
  2 fire dragons
  An ogre mage (D:15)
  Fannar (Lair:1)
  A yaktaur captain (D:15)
  5 centaur warriors
  3 hydras
  6 death yaks
  6 two-headed ogres
  A tengu warrior (D:15)
  4 orc high priests
  A dancing weapon (Elf:1)
  A vampire mage (Depths:1)
  Urug (D:11)
  Sonja (D:11)
  4 deep elf knights
  An unseen horror (D:10)
  5 orc knights
  A wolf spider zombie (D:14)
  11 deep elf magi
  4 oklob plants (Lair:2)
  5 orc sorcerers
  6 cyclopes
  2 ugly things
  5 black mambas
  2 centaur zombies
  A merfolk siren (Lair:4)
  2 molten gargoyles (Lair:6)
  A gargoyle (D:15)
  6 spiny frogs
  A torpor snail (Lair:6)
  A kobold demonologist (D:11)
  5 rime drakes
  A tengu conjurer (D:15)
  An efreet (D:15)
  10 komodo dragons
  A troll (shapeshifter) (D:13)
  3 merfolk (Lair:4)
  2 polar bears
  6 trolls
  Grinder (D:3)
  3 slime creatures (D:12)
  8 blink frogs
  10 hippogriffs
  3 redbacks (Lair:3)
  Sigmund (D:2)
  2 centaur simulacra
  2 vampires (D:15)
  3 shadows
  A tarantella (shapeshifter) (D:12)
  20 yaks
  7 wyverns
  A steam dragon (Lair:6)
  3 basilisks
  A human (D:8)
  2 vampire mosquitoes (D:12)
  A two-headed ogre zombie (D:15)
  3 wargs (Orc:2)
  An acid dragon (D:11)
  Edmund (D:6)
  4 hell hounds (Lair:6)
  10 water moccasins
  Duvessa (D:4)
  3 porcupines
  22 orc warriors
  2 eyes of draining
  3 sky beasts
  2 black bears
  7 ice beasts
  11 ogres
  2 slaves (D:4)
  4 phantoms
  2 hornet zombies
  3 boggarts (D:14)
  10 wolves (Lair:3)
  9 crocodiles
  4 centaurs
  A big kobold (D:12)
  A wyvern zombie (D:15)
  13 bullfrogs
  A gnoll sergeant (D:4)
  Dowan (D:4)
  4 scorpions
  A wyvern skeleton (D:14)
  3 killer bees (D:10)
  A howler monkey (D:6)
  4 wights (D:14)
  3 electric eels
  5 lava snakes (Lair:6)
  5 crimson imps
  A quasit (D:12)
  7 hounds
  3 bullfrog zombies
  4 jellies
  A wyvern simulacrum (D:14)
  19 orc priests
  26 orc wizards
  2 centaur skeletons
  15 worker ants
  2 iguanas
  5 hell rats (Lair:3)
  7 ogre zombies (D:12)
  A hound skeleton (D:5)
  A howler monkey zombie (D:5)
  A howler monkey skeleton (D:9)
  11 gnolls
  11 adders
  7 shadow imps
  An ooze (D:3)
  An adder skeleton (D:4)
  2 worms (D:2)
  2 dart slugs
  5 leopard geckos
  83 orcs
  A ball python (D:1)
  9 bats
  4 giant cockroaches
  7 goblins
  7 hobgoblins
  6 jackals
  7 quokkas
  A frilled lizard (D:4)
  4 goblin zombies (D:12)
  A hobgoblin skeleton (D:12)
  4 hobgoblin zombies (D:12)
  8 kobolds
  3 orc skeletons (D:12)
  12 orc zombies (D:12)
  3 rats
  2 fungi
640 creatures vanquished.

Vanquished Creatures (collateral kills)
  A two-headed ogre (D:15)
  An orc high priest (Orc:2)
  A wyvern (Lair:6)
  A basilisk (Lair:6)
  A steam dragon (Lair:6)
  2 orc warriors (Orc:2)
  An orc wizard (Orc:2)
  An orc (Orc:2)
9 creatures vanquished.

Vanquished Creatures (others)
  An orc knight (Orc:2)
  A lindwurm (Lair:6)
  A human (D:15)
  2 orc warriors (Bailey)
  2 orc priests
  An orc (Orc:1)
  A bush (D:4)
  4 fungi
  14 plants
  2 withered plants (D:15)
29 creatures vanquished.

Grand Total: 678 creatures vanquished

Notes
Turn   | Place    | Note
-------+----------+-------------------------------------------
     0 | D:1      | Maedhros the Octopode Artificer began the quest for the
                  | Orb.
     0 | D:1      | Reached XP level 1. HP: 13/13 MP: 3/3
    44 | D:1      | Reached skill level 1 in Unarmed Combat
    56 | D:1      | Reached skill level 2 in Stealth
    56 | D:1      | Reached XP level 2. HP: 11/18 MP: 4/4
   380 | D:2      | Noticed Sigmund
   391 | D:2      | Killed Sigmund
   391 | D:2      | Reached skill level 4 in Stealth
   391 | D:2      | Reached XP level 3. HP: 23/23 MP: 5/5
   391 | D:2      | Reached XP level 4. HP: 28/28 MP: 6/6
   391 | D:2      | Reached XP level 5. HP: 33/33 MP: 7/7
   621 | D:4      | Found a runed translucent door.
   628 | D:4      | Noticed Zajic's ghost (novice MiBe)
   666 | D:4      | Reached skill level 1 in Shields
   666 | D:4      | Reached XP level 6. HP: 31/38 MP: 8/8
   849 | D:4      | Noticed Duvessa
   850 | D:4      | Reached skill level 5 in Stealth
   859 | D:4      | Killed Duvessa
   860 | D:4      | Noticed Dowan
   869 | D:4      | Killed Dowan
   869 | D:4      | Reached skill level 5 in Unarmed Combat
   869 | D:4      | Reached XP level 7. HP: 24/43 MP: 9/9
   893 | D:4      | Found a sacrificial altar of Ru.
  1191 | D:4      | Noticed Pikel
  1230 | D:5      | Entered Level 5 of the Dungeon
  1335 | D:5      | Found an opulent altar of Gozag.
  1379 | D:5      | Reached skill level 6 in Stealth
  1438 | D:5      | Reached XP level 8. HP: 41/48 MP: 10/10
  2032 | D:6      | Found a staircase to the Ecumenical Temple.
  2041 | Temple   | Entered the Ecumenical Temple
  2116 | Temple   | Became a worshipper of Cheibriados the Contemplative
  2194 | D:4      | Found a runed translucent door.
  2961 | D:2      | Found a burning altar of Makhleb.
  3072 | D:2      | Reached * piety under Cheibriados
  3895 | D:3      | Reached skill level 5 in Shields
  4201 | D:3      | Noticed Grinder
  4206 | D:3      | Paralysed by Grinder for 5 turns
  4218 | D:3      | Killed Grinder
  4218 | D:3      | Reached skill level 7 in Stealth
  4367 | D:6      | Found Igralot's Weapon Shoppe.
  4419 | D:6      | Found a blossoming altar of Fedhas.
  4567 | D:6      | Reached ** piety under Cheibriados
  4567 | D:6      | Reached XP level 9. HP: 41/54 MP: 11/11
  4596 | D:6      | Found a shattered altar of Ashenzari.
  4597 | D:6      | Found an ornate altar of the Wu Jian Council.
  4601 | D:6      | Found an opulent altar of Gozag.
  4738 | D:6      | Noticed Edmund
  4746 | D:6      | Killed Edmund
  4805 | D:7      | Found Tadykhlomn's Magic Scroll Boutique.
  4832 | D:7      | Found Hyho's Food Shoppe.
  5040 | D:7      | Found Hetimiud's Food Shop.
  5083 | D:7      | Found Qisax's Antique Weapon Shoppe.
  5231 | D:7      | Found a white marble altar of Elyvilon.
  5529 | D:7      | Reached skill level 8 in Stealth
  5698 | D:8      | Noticed a two-headed ogre
  5967 | D:8      | Reached skill level 1 in Invocations
  6238 | D:8      | Reached *** piety under Cheibriados
  6704 | D:8      | Noticed Gastronok
  6710 | D:7      | Reached XP level 10. HP: 59/63 MP: 11/13
  7374 | D:7      | Bought a scroll of acquirement for 572 gold pieces
  7374 | D:7      | Identified the +0 kite shield of Sif Muna {rN+ Str+3} (You
                  | acquired it on level 7 of the Dungeon)
  7468 | D:9      | Reached **** piety under Cheibriados
  7603 | D:10     | Entered Level 10 of the Dungeon
  7843 | D:10     | Reached skill level 9 in Stealth
  7857 | D:10     | Noticed a two-headed ogre
  7864 | D:10     | Killed a two-headed ogre
  7922 | D:10     | Noticed an unseen horror
  7934 | D:10     | Killed an unseen horror
  7934 | D:10     | Reached skill level 10 in Stealth
  7946 | D:10     | Reached skill level 5 in Dodging
  7955 | D:10     | Reached skill level 5 in Evocations
  7964 | D:10     | Gained mutation: You are partially covered in iridescent
                  | scales. (AC +2) [potion of mutation]
  7964 | D:10     | Gained mutation: You are frail. (-10% HP) [potion of
                  | mutation]
  7964 | D:10     | Gained mutation: You are resistant to hostile enchantments.
                  | (MR+) [potion of mutation]
  8010 | D:10     | Reached XP level 11. HP: 63/63 MP: 14/14
  8069 | D:11     | Noticed a soul eater
  8073 | D:11     | Reached ***** piety under Cheibriados
  8090 | D:11     | Noticed a white ugly thing
  8098 | D:11     | Killed a white ugly thing
  8098 | D:11     | Reached skill level 11 in Stealth
  8101 | D:11     | Noticed Urug
  8112 | D:11     | Killed Urug
  8142 | D:11     | Noticed a six-headed hydra
  8155 | D:11     | Noticed Sonja
  8156 | D:11     | Killed Sonja
  8163 | D:11     | Noticed a two-headed ogre
  8242 | D:11     | Killed a two-headed ogre
  8242 | D:11     | Reached skill level 5 in Fighting
  8297 | D:11     | Found a radiant altar of Vehumet.
  8338 | D:11     | Killed a six-headed hydra
  8338 | D:11     | Reached skill level 12 in Stealth
  8470 | D:11     | Reached skill level 10 in Unarmed Combat
  8534 | D:12     | Noticed a skeletal warrior
  8535 | D:12     | Noticed a skeletal warrior
  8535 | D:12     | Noticed a skeletal warrior
  8535 | D:12     | Noticed a skeletal warrior
  8537 | D:12     | Noticed a skeletal warrior
  8549 | D:12     | Noticed a cyclops
  8962 | D:13     | Reached skill level 13 in Stealth
  9002 | D:13     | Found a flagged portal.
  9030 | Bailey   | Entered a bailey
  9039 | Bailey   | Learned a level 3 spell: Mephitic Cloud
  9099 | Bailey   | Noticed an orc knight
  9191 | Bailey   | Killed an orc knight
  9342 | D:13     | Reached skill level 1 in Poison Magic
  9387 | D:13     | Noticed a centaur warrior
  9399 | D:13     | Killed a centaur warrior
  9399 | D:13     | Reached skill level 1 in Conjurations
  9399 | D:13     | Reached skill level 1 in Air Magic
  9399 | D:13     | Reached skill level 5 in Invocations
  9399 | D:13     | Reached XP level 12. HP: 42/69 MP: 16/16
  9416 | D:13     | Noticed a centaur warrior
  9424 | D:13     | Killed a centaur warrior
  9660 | D:13     | Noticed a fire dragon
  9663 | D:13     | Killed a fire dragon
  9721 | D:14     | Reached skill level 14 in Stealth
 10274 | D:15     | Entered Level 15 of the Dungeon
 10364 | D:12     | Found a staircase to the Orcish Mines.
 10386 | D:12     | Reached skill level 10 in Shields
 10449 | Orc:1    | Entered Level 1 of the Orcish Mines
 10464 | Orc:1    | Learned a level 2 spell: Blink
 10496 | Orc:1    | Found a roughly hewn altar of Beogh.
 10675 | Orc:2    | Entered Level 2 of the Orcish Mines
 10723 | Orc:2    | Reached skill level 15 in Stealth
 10831 | Orc:2    | Found a flickering gateway to a bazaar.
 10861 | Bazaar   | Entered a bazaar
 10863 | Bazaar   | Found Ekaoh's Gadget Shoppe.
 10871 | Bazaar   | Found Owkop's Jewellery Shop.
 10901 | Bazaar   | Found Kuiru's Jewellery Emporium.
 10909 | Bazaar   | Found Cuyff's Weapon Boutique.
 10951 | Bazaar   | Bought the ring "Vulom" {Dex+8 Slay+5} for 899 gold pieces
 10966 | Bazaar   | Bought a wand of paralysis (7) for 126 gold pieces
 11022 | Orc:1    | Noticed an orc high priest
 11028 | Orc:1    | Killed an orc high priest
 11028 | Orc:1    | Reached XP level 13. HP: 62/72 MP: 18/18
 11079 | Orc:1    | Found a runed translucent gate.
 11080 | Orc:1    | Found a runed translucent gate.
 11081 | Orc:1    | Found a runed translucent gate.
 11082 | Orc:1    | Noticed torrenera's ghost (journeyman DEFE)
 11083 | Orc:1    | Noticed an orc warlord
 11089 | Orc:1    | Found a roughly hewn altar of Beogh.
 11165 | Orc:2    | Found a staircase to the Elven Halls.
 11244 | Orc:2    | Reached skill level 16 in Stealth
 11336 | Orc:2    | Reached ****** piety under Cheibriados
 11399 | Orc:2    | Reached skill level 17 in Stealth
 11400 | Orc:2    | Gained mutation: You tend to lose your temper in combat. [a
                  | neqoxec]
 11529 | Orc:2    | Found Kuriepp's Antique Armour Shop.
 11529 | Orc:2    | Found Zast's General Store.
 11535 | Orc:2    | Found Enu Hous's Gadget Emporium.
 11540 | Orc:2    | Found Myoto's Book Emporium.
 11699 | D:12     | Reached skill level 18 in Stealth
 11768 | D:12     | Noticed a great orb of eyes
 11774 | D:12     | Killed a great orb of eyes
 12119 | D:9      | Found a staircase to the Lair.
 12218 | Lair:1   | Entered Level 1 of the Lair of Beasts
 12236 | Lair:1   | Noticed Fannar
 12248 | Lair:1   | Killed Fannar
 12267 | Lair:1   | Got an encrusted hat
 12273 | Lair:1   | Identified the +0 hat "Quluaffy" {rElec rF+} (You found it
                  | on level 1 of the Lair of Beasts)
 12491 | Lair:2   | Learned a level 6 spell: Iron Shot
 12742 | Lair:2   | Reached skill level 1 in Earth Magic
 12948 | Lair:3   | Lost mutation: You are frail. (-10% HP) [potion of
                  | mutation]
 12948 | Lair:3   | Lost mutation: You are resistant to hostile enchantments.
                  | (MR+) [potion of mutation]
 12948 | Lair:3   | Lost mutation: You tend to lose your temper in combat.
                  | [potion of mutation]
 12948 | Lair:3   | Gained mutation: You are somewhat resistant to further
                  | mutation. [potion of mutation]
 13127 | Lair:3   | Reached skill level 19 in Stealth
 13127 | Lair:3   | Reached XP level 14. HP: 88/88 MP: 20/20
 13310 | Lair:3   | Found a hole to the Spider Nest.
 13451 | Lair:4   | Found a staircase to the Shoals.
 13841 | Lair:5   | Noticed Rupert
 14015 | Lair:6   | Entered Level 6 of the Lair of Beasts
 14266 | Lair:6   | Reached skill level 5 in Earth Magic
 14420 | Lair:6   | Found a large runed translucent door.
 14420 | Lair:6   | Found a large runed translucent door.
 15107 | Elf:1    | Entered Level 1 of the Elven Halls
 15114 | Elf:1    | Reached XP level 15. HP: 69/92 MP: 12/21
 15532 | D:15     | Reached skill level 10 in Dodging
 15739 | D:15     | Found a staircase to the Depths.
 15858 | D:15     | Noticed Kirke
 15865 | D:15     | Killed Kirke
 16000 | D:15     | Found a runed translucent door.
 16000 | D:15     | Noticed Tizejink's ghost (journeyman MiFi)
 16182 | Depths:1 | Entered Level 1 of the Depths
 16278 | Depths:1 | Noticed a tengu reaver
 16280 | Depths:1 | Noticed a lich
 16284 | Depths:1 | Paralysed by a lich for 5 turns
 16286 | Depths:1 | Demolished by a tengu reaver

Levels and vault maps discovered:
D:1:      mrwooster_arrival_statue, layout_basic
D:2:      layout_basic, lemuel_doored_altar, minmay_crystal_water,
          minmay_cut_off, uniq_sigmund
D:3:      layout_basic, uniq_grinder
D:4:      layout_basic, nicolae_ru_awakened_eye, ebering_ghost_sewer_f,
          minmay_hedge_maze, uniq_pikel, uniq_duvessa
D:5:      layout_gridville, first_ration, nicolae_gozag_seed_capital
D:6:      layout_rooms, lemuel_crystal_altar, grunt_temple_overflow_open,
          minmay_temple_entry_large_hall, serial_shops, nicolae_shop_trees,
          uniq_edmund
D:7:      layout_gridville, kennysheep_little_box, serial_shops,
          nicolae_shop_waterfront, shop, shop, shop_scrolls,
          kennysheep_generic_room_11
D:8:      layout_loops_corners, grunt_pizzeria, uniq_gastronok
D:9:      layout_roguey, david_lair_shrubbed, hex_tiny
D:10:     layout_small_grid, elyvilon_altar_4
D:11:     layout_loops_ring, basic_altar, fungi_pond_lemuel, uniq_urug,
          uniq_sonja
D:12:     minmay_stepped, layout_cave_pools, zombieorc2_lemuel,
          lightli_corner_chamber
D:13:     layout_roguey, grunt_vaults_entry_fortified, enter_bailey_2
D:14:     layout_roguey
D:15:     grunt_enter_depths_snipers, layout_irregular_city,
          gammafunk_ghost_grave, minmay_misc_feat_doors,
          hangedman_decor_peaks_small, uniq_kirke
Temple:   regret_index_temple_waves
Lair:1:   layout_cave_shapes, st_stairs_6, columned_hall_lemuel, uniq_fannar
Lair:2:   layout_layer_cave, minmay_lair_oklob_chamber, serial_bayou_shore_b
Lair:3:   beast_lair_carwin_large_4, layout_cave_pods, spider_nest_entry_webs,
          serial_bayou_pond_b, serial_bayou_shore_a
Lair:4:   layout_misc_corridors, elwin_shoals_entry_stream
Lair:5:   dragon1_lemuel, layout_loops_ring, minmay_slime_entry_pillars,
          uniq_rupert
Lair:6:   cheibrodos_lair_end_hotspot, layout_regular_city,
          chequers_serial_rivers_micro_d, minivault_19
Orc:1:    layout_caves, portal_ice_cave_rime, biasface_ghost_orc_armoury,
          basic_altar, nicolae_orc_sculptors_studio
Orc:2:    st_orc_elflike, layout_diamond_mine, serial_shops, bzr_entry_dummy
Elf:1:    layout_geoelf_octagon, special_room [special_room_mythical_zoo],
          orc_legates
Depths:1: layout_big_octagon, minmay_misc_feat_rugged, hell_entry,
          kennysheep_nub, serial_bayou_pond_e, minmay_misc_feat_diagonals,
          dk_noncrumbling_3, evilmike_spriggan_trog_shrine

Skill      XL: |  1  2  3  4  5  6  7  8  9 10 11 12 13 14 15 |
---------------+----------------------------------------------+-----
Unarmed Combat | 1 4 5 6 7 8 9 10 | 10.0
Stealth        | 2 4 5 6 7 8 10 13 15 19 | 19.4
Shields        | 1 2 4 5 7 8 9 10 12 13 14 | 14.1
Fighting       | 2 3 4 5 |  5.1
Dodging        | 4 5 6 7 9 10 | 10.8
Invocations    | 2 3 5 6 |  6.0
Evocations     | 4 5 6 8 |  8.2
Poison Magic   | 1 4 |  4.4
Conjurations   | 1 3 |  3.7
Air Magic      | 1 3 |  3.6
Earth Magic    | 2 6 8 |  8.5
Short Blades   | |  1.0

Action                   |  1- 3 |  4- 6 |  7- 9 | 10-12 | 13-15 || total
-------------------------+-------+-------+-------+-------+-------++-------
Melee: Short sword       |     9 |       |       |       |       ||     9
       Tentacles         |     7 |    10 |    79 |   169 |   285 ||   550
       Dagger            |    17 |    37 |   242 |       |       ||   296
       Constrict         |     9 |     9 |    74 |    95 |   121 ||   308
       Punch             |       |       |    13 |    64 |   127 ||   204
       Unarmed           |       |       |    50 |   464 |   633 ||  1147
Throw: Boomerang         |       |       |       |       |     5 ||     5
 Cast: Mephitic Cloud    |       |       |       |       |     5 ||     5
Invok: Temporal Distorti |       |       |       |     8 |     1 ||     9
       Slouch            |       |       |       |     3 |     7 ||    10
Evoke: Wand              |     7 |     1 |    40 |    64 |    38 ||   150
  Use: Potion            |       |       |     2 |     6 |     6 ||    14
       Scroll            |       |       |     6 |    18 |    18 ||    42
 Stab: Sleeping          |     2 |     5 |    24 |    23 |    42 ||    96
       Distracted        |     1 |       |       |     3 |     4 ||     8
       Betrayed ally     |       |       |       |     1 |     1 ||     2
       Confused          |       |       |       |       |     9 ||     9
       Paralysed         |       |       |       |       |    14 ||    14
       Invisible         |       |       |       |       |     1 ||     1
  Eat: Chunk             |       |       |     9 |     8 |    10 ||    27
       Ration            |       |       |     1 |     1 |     1 ||     3
Armor: Skin              |     2 |       |     4 |    17 |     8 ||    31
Dodge: Dodged            |    15 |     6 |    92 |   170 |   191 ||   474
Block: Kite shield       |       |    12 |   153 |   342 |   434 ||   941

Table legend:
 A = Non-vault XP
 B = Vault XP
 C = Vault XP percentage of total XP
 D = Non-vault monster count
 E = Vault monster count
 F = Vault count percentage of total count
                 A         B        C        D         E       F
            +---------+---------+-------+---------+---------+-------
      Total |   80551 |   36474 |  31.2 |     483 |     162 |  25.1
            +---------+---------+-------+---------+---------+-------
        D:1 |      49 |       0 |   0.0 |      18 |       0 |   0.0
        D:2 |      30 |     238 |  88.8 |      14 |       6 |  30.0
        D:3 |      45 |     281 |  86.2 |      10 |       1 |   9.1
        D:4 |     553 |     225 |  28.9 |      27 |       2 |   6.9
        D:5 |     366 |       0 |   0.0 |      12 |       0 |   0.0
        D:6 |     662 |     154 |  18.9 |      16 |       1 |   5.9
        D:7 |     878 |       0 |   0.0 |      18 |       0 |   0.0
        D:8 |    1099 |     182 |  14.2 |      14 |       1 |   6.7
        D:9 |     757 |     343 |  31.2 |      24 |       1 |   4.0
       D:10 |    3852 |       0 |   0.0 |      27 |       0 |   0.0
       D:11 |    3818 |    1650 |  30.2 |      19 |       2 |   9.5
       D:12 |    4717 |    4308 |  47.7 |      40 |      40 |  50.0
       D:13 |    4352 |       0 |   0.0 |      15 |       0 |   0.0
       D:14 |    6846 |       0 |   0.0 |      29 |       0 |   0.0
       D:15 |   12720 |    4568 |  26.4 |      29 |       5 |  14.7
     Lair:1 |     654 |     991 |  60.2 |       5 |       1 |  16.7
     Lair:2 |    2230 |    2737 |  55.1 |      12 |       6 |  33.3
     Lair:3 |    3297 |    2279 |  40.9 |      17 |      17 |  50.0
     Lair:4 |    6305 |    1339 |  17.5 |      11 |       4 |  26.7
     Lair:5 |    3097 |       0 |   0.0 |      11 |       0 |   0.0
     Lair:6 |    7642 |    8226 |  51.8 |      34 |      28 |  45.2
      Orc:1 |    2336 |     709 |  23.3 |      27 |       2 |   6.9
      Orc:2 |    2829 |    7392 |  72.3 |      41 |      24 |  36.9
      Elf:1 |    5936 |       0 |   0.0 |       8 |       0 |   0.0
   Depths:1 |    5481 |       0 |   0.0 |       5 |       0 |   0.0
     Bailey |       0 |     852 | 100.0 |       0 |      21 | 100.0
            +---------+---------+-------+---------+---------+-------
